 Dungeon Crawl Stone Soup version 0.19.1 (webtiles) character file.

1587 schauveau the Basher (level 8, -3/48 HPs)
             Began as a Gargoyle Fighter on Dec 11, 2016.
             Was a Follower of Okawaru.
             Slain by dvd's ghost (10 damage)
             ... on level 10 of the Dungeon.
             The game lasted 00:14:27 (6146 turns).

schauveau the Basher (Gargoyle Fighter)             Turns: 6146, Time: 00:14:28

Health: -3/48      AC: 19    Str: 24    XL:     8   Next: 92%
Magic:  6/8        EV: 12    Int:  9    God:    Okawaru [*.....]
Gold:   291        SH: 12    Dex:  9    Spells: 0 memorised, 7 levels left

rFire  . . .     SeeInvis .     a - +1 flail
rCold  . . .     Gourm    .     x - +0 chain mail
rNeg   + . .     Faith    .     c - +0 shield
rPois  ∞         Spirit   .     (no helmet)
rElec  +         Reflect  .     G - +0 cloak
rCorr  .         Harm     .     (no gloves)
MR     .....                    u - +0 pair of boots
Stlth  ..........               (no amulet)
                                F - +3 ring of evasion
                                e - +2 ring of strength

@: heroism
A: negative energy resistance 1, electricity resistance, unbreathing,
petrification resistance, rot immunity, AC +5
a: Heroism, Renounce Religion


You were on level 10 of the Dungeon.
You worshipped Okawaru.
Okawaru was aware of your devotion.
You were not hungry.

You visited 2 branches of the dungeon, and saw 10 of its levels.

You collected 291 gold pieces.

Inventory:

Hand Weapons
 a - a +1 flail (weapon)
Missiles
 J - 8 tomahawks (quivered)
Armour
 c - a +0 shield (worn)
 u - a +0 pair of boots (worn)
 x - a +0 chain mail (worn)
 G - a +0 cloak (worn)
Jewellery
 e - a +2 ring of strength (left hand)
 i - a +3 ring of intelligence
 m - an uncursed ring of stealth
 F - a +3 ring of evasion (right hand)
 I - an uncursed ring of protection from cold
Scrolls
 b - a scroll of fog
 d - a scroll of fear
 h - 6 scrolls of remove curse
 n - 2 scrolls of teleportation
 p - 7 scrolls of recharging
 v - a scroll of blinking {unknown}
 w - a scroll of enchant armour {unknown}
 D - a scroll of amnesia {unknown}
 E - 2 scrolls of magic mapping {unknown}
 H - a scroll of enchant weapon
Potions
 g - a potion of haste {unknown}
 j - a potion of cure mutation {unknown}
 k - 2 potions of ambrosia
 l - a potion of curing
 o - 3 potions of heal wounds
 r - 5 potions of agility
 s - a potion of resistance {unknown}
 t - 3 potions of flight
 A - 3 potions of cancellation
 C - a potion of invisibility {unknown}
Books
 y - a book of Unlife

   Spells                             Type                      Level
   a - Recall                         Summoning/Translocation      3
   b - Animate Dead                   Necromancy                   4
   c - Control Undead                 Necromancy                   4
   d - Cigotuvi's Embrace             Necromancy                   5
   e - Death Channel                  Necromancy                   6
   f - Simulacrum                     Ice/Necromancy               6
 z - a book of Minor Magic

   Spells                             Type                      Level
   a - Magic Dart                     Conjuration                  1
   b - Blink                          Translocation                2
   c - Call Imp                       Summoning                    2
   d - Repel Missiles                 Charms/Air                   2
   e - Slow                           Hexes                        2
   f - Conjure Flame                  Conjuration/Fire             3
   g - Mephitic Cloud                 Conjuration/Poison/Air       3
Comestibles
 f - 7 bread rations
 q - 2 meat rations
 B - 2 beef jerkies
 M - a slice of pizza


   Skills:
 + Level 4.0(9.0) Fighting
 * Level 9.6(14.6) Maces & Flails
 + Level 4.2(9.2) Armour
 + Level 5.9(10.9) Shields


You had 7 spell levels left.
You didn't know any spells.

Dungeon Overview and Level Annotations

Branches:
Dungeon (11/15)            Temple (1/1) D:6
   Lair: D:8-11         Orc: D:9-12

Altars:
Dithmenos
Elyvilon
Fedhas
Gozag
Hepliaklqana
Nemelex Xobeh
Okawaru
Qazlal
Sif Muna
Trog
Uskayaw
Vehumet
Xom
Yredelemnul
The Shining One

Shops:
D:4 *

Annotations:
D:10 dvd's ghost, journeyman DDFi


Innate Abilities, Weirdness & Mutations

You are resistant to torment.
Your stone body is resilient. (AC +5)
You are immune to poison.
You resist negative energy. (rN+)
You are resistant to electric shocks. (rElec)
You can survive without breathing.
You are immune to petrification.
You are immune to rotting.


Message History

Dvd's ghost is heavily damaged.
You block dvd's ghost's attack.
You closely miss dvd's ghost.
Dvd's ghost is heavily damaged.
Your shield and chain mail prevent you from hitting dvd's ghost.
Dvd's ghost is heavily damaged.
You block dvd's ghost's attack.
You sock dvd's ghost!
Dvd's ghost is heavily damaged.
You block dvd's ghost's attack.
You closely miss dvd's ghost.
Dvd's ghost is heavily damaged.
Dvd's ghost hits you!
* * * LOW HITPOINT WARNING * * *
You sock dvd's ghost!
Dvd's ghost is severely damaged.
You thump dvd's ghost!
Dvd's ghost is almost destroyed.
Dvd's ghost hits you!
You die...

.. ..≈≈# ... #.≈≈#
#.##.≈≈#################
#....≈≈≈≈≈≈≈≈≈≈≈≈≈≈≈≈≈≈≈
## ...≈≈≈≈≈≈≈≈≈≈≈≈≈≈≈≈≈≈≈
#...#....................
.....#..W.# ###.....#####
........@######....##
#..............>...#
#.....###.....##...#
#..... #.....####.##
..... #.....# #..#####
..... ##.#..# #.......
.... #.#...###..###..
.... #......#..## #..
#........## #.


You could see dvd's ghost.

Vanquished Creatures
  Menkaure (D:7)
  An ice beast (D:6)
  3 ogres
  2 centaurs
  Blork the orc (D:6)
  A scorpion (D:4)
  A howler monkey (D:6)
  An electric eel (D:10)
  A bullfrog zombie (D:6)
  4 orc priests
  3 hounds
  3 jellies (D:5)
  2 centaur skeletons
  An orc wizard (D:3)
  2 worker ants
  10 adders
  A shadow imp (D:4)
  2 oozes (D:1)
  An adder zombie (D:5)
  A worm (D:4)
  7 leopard geckos
  13 orcs
  6 bats
  9 giant cockroaches
  6 goblins
  6 hobgoblins
  8 jackals
  4 quokkas
  A ball python (D:4)
  4 frilled lizards
  7 kobolds
  A quokka zombie (D:5)
  6 rats
120 creatures vanquished.

Vanquished Creatures (others)
  Sigmund (D:3)
1 creature vanquished.

Grand Total: 121 creatures vanquished

Notes
Turn   | Place    | Note
-------+----------+-------------------------------------------
     0 | D:1      | schauveau the Gargoyle Fighter began the quest for the Orb.
     0 | D:1      | Reached XP level 1. HP: 14/14 MP: 1/1
    58 | D:1      | Found a sparkling altar of Nemelex Xobeh.
   135 | D:1      | Reached XP level 2. HP: 16/19 MP: 2/2
   444 | D:1      | Reached XP level 3. HP: 23/23 MP: 3/3
  1131 | D:2      | Reached skill level 3 in Maces & Flails
  1172 | D:2      | Reached XP level 4. HP: 26/28 MP: 4/4
  1707 | D:3      | Found a shimmering altar of Xom.
  2001 | D:3      | Reached skill level 4 in Maces & Flails
  2001 | D:3      | Reached XP level 5. HP: 16/32 MP: 5/5
  2286 | D:3      | Found a faded altar of an unknown god.
  2286 | D:3      | Found a faded altar of an unknown god.
  2291 | D:3      | Found a sparkling altar of Nemelex Xobeh.
  2294 | D:3      | Found a faded altar of an unknown god.
  2296 | D:3      | Found a faded altar of an unknown god.
  2398 | D:3      | Noticed Sigmund
  2422 | D:3      | Killed Sigmund
  2422 | D:3      | Reached skill level 5 in Maces & Flails
  2422 | D:3      | Reached skill level 5 in Shields
  2422 | D:3      | Reached XP level 6. HP: 23/37 MP: 6/6
  2530 | D:3      | Found a shadowy altar of Dithmenos.
  2708 | D:3      | Found a deep blue altar of Sif Muna.
  2911 | D:4      | Found a radiant altar of Vehumet.
  2919 | D:5      | Entered Level 5 of the Dungeon
  2936 | D:4      | Found a stormy altar of Qazlal.
  3078 | D:4      | Reached skill level 6 in Maces & Flails
  3078 | D:4      | Reached XP level 7. HP: 13/41 MP: 7/7
  3583 | D:4      | Found Abrekk's General Store.
  3730 | D:5      | Found a bloodstained altar of Trog.
  4042 | D:5      | Reached skill level 7 in Maces & Flails
  4501 | D:6      | Found a staircase to the Ecumenical Temple.
  4507 | D:6      | Reached skill level 8 in Maces & Flails
  4507 | D:6      | Reached XP level 8. HP: 43/46 MP: 8/8
  4526 | Temple   | Entered the Ecumenical Temple
  4593 | Temple   | Became a worshipper of Warmaster Okawaru
  4685 | D:6      | Noticed Blork the orc
  4699 | D:6      | Killed Blork the orc
  4953 | D:7      | Noticed Menkaure
  4960 | D:6      | Reached skill level 9 in Maces & Flails
  5715 | D:7      | Killed Menkaure
  5715 | D:7      | Reached * piety under Okawaru
  5811 | D:7      | Noticed a hand axe
  5811 | D:7      | Noticed a dagger
  5812 | D:7      | Found a hide-covered altar of Uskayaw.
  6009 | D:7      | Found a hazy altar of Hepliaklqana.
  6037 | D:7      | You fall through a shaft for 3 floors!
  6037 | D:10     | Entered Level 10 of the Dungeon
  6120 | D:10     | Noticed dvd's ghost (journeyman DDFi)
  6146 | D:10     | Slain by dvd's ghost

Skill      XL: |  1  2  3  4  5  6  7  8 |
---------------+-------------------------+-----
Shields        | 4 5 |  5.9
Maces & Flails | 3 4 5 6 8 9 |  9.6
Armour         | 4 |  4.2
Fighting       | 4 |  4.0

Action                   |  1- 3 |  4- 6 |  7- 9 || total
-------------------------+-------+-------+-------++-------
Melee: Flail             |   133 |   232 |   307 ||   672
Invok: Heroism           |       |       |     1 ||     1
  Use: Potion            |       |     7 |     1 ||     8
       Scroll            |       |     2 |    10 ||    12
  Eat: Bread ration      |     1 |       |       ||     1
       Chunk             |       |     3 |     4 ||     7
       Fruit             |       |       |     3 ||     3
       Meat ration       |       |       |     1 ||     1
Armor: Scale mail        |    98 |   100 |       ||   198
       Chain mail        |       |    71 |   146 ||   217
Dodge: Dodged            |    60 |    69 |    84 ||   213
Block: Shield            |   104 |   160 |   167 ||   431
